 Dungeon Crawl Stone Soup version 0.31-a0-692-gf03d1854d5 (webtiles) character file.

Game seed: 2179881855994825108

30 qw the Shooter (level 3, 0/21 HPs)
             Began as a Gargoyle Hunter on Sept 6, 2023.
             Slain by a worm (7 damage)
             ... on level 2 of the Dungeon.
             The game lasted 00:00:22 (1144 turns).

qw the Shooter (Gargoyle Hunter)                    Turns: 1144, Time: 00:00:23

Health: 0/21       AC:  9    Str: 14    XL:     3   Next: 20%
Magic:  3/3        EV: 10    Int:  9    God:
Gold:   85         SH:  0    Dex: 15    Spells: 2/2 levels left

rFire   . . .        Y - +0 shortbow
rCold   . . .        (shield currently unavailable)
rNeg    + . .        j - +0 ring mail
rPois   inf          d - +0 helmet
rElec   +            (no cloak)
rCorr   .            (no gloves)
SInv    .            (no boots)
Will    .....        (no amulet)
Stlth   +            (no ring)
HPRegen 0.23/turn    (no ring)
MPRegen 0.08/turn

%: no passive effects
@: no status effects
A: sickness immunity, AC +3, negative energy resistance 1, electricity
resistance, torment resistance 1, petrification resistance
a: no special abilities


You were on level 2 of the Dungeon.
You visited 1 branch of the dungeon, and saw 2 of its levels.

You collected 85 gold pieces.


Innate Abilities, Weirdness & Mutations

You are immune to sickness and miasma.
Your stone body is resilient. (AC +3)
You are immune to poison.
You resist negative energy. (rN+)
You are resistant to electric shocks. (rElec)
You are resistant to unholy torment.
You are immune to petrification.


   Skills:
 - Level 2.1 Fighting
 + Level 4.8 Ranged Weapons
 - Level 1.0 Armour
 - Level 1.5 Dodging
 - Level 1.1 Stealth


You had 2 spell levels left.
You didn't know any spells.
Your spell library was empty.

Inventory:

Hand Weapons
 Y - a +0 shortbow (weapon)
Armour
 d - a +0 helmet (worn)
 j - a +0 ring mail (worn)
Jewellery
 a - a ring of positive energy
Potions
 e - a potion of curing
 g - a potion of resistance {unknown}

Dungeon Overview and Level Annotations

Branches:
Dungeon (2/15)

Altars:
Vehumet


Message History

You shoot an arrow. The arrow hits the ball python!
You kill the ball python!
You see here a +0 dagger.
There is a stone staircase leading down here.
A ball python comes into view.
Enter note:
Enter note: You shoot an arrow.
The arrow hits the ball python.
The ball python is moderately wounded.
You shoot an arrow.
The arrow hits the ball python but does no damage.
The ball python is moderately wounded.
The ball python misses you. The ball python grabs you.
The ball python constricts you.
You shoot an arrow. The arrow hits the ball python!
You kill the ball python!
A rat comes into view.
You shoot an arrow. The arrow hits the rat.
You kill the rat!
You see here a rat corpse.
A worm comes into view.
You shoot an arrow. The arrow hits the worm.
The worm is moderately wounded.
You shoot an arrow. The arrow hits the worm.
The worm is moderately wounded.
The worm bites you but does no damage.
You shoot an arrow. The arrow hits the worm.
The worm is moderately wounded.
The worm bites you.
You shoot an arrow. The arrow barely misses the worm.
You shoot an arrow. The arrow hits the worm.
The worm is heavily wounded.
The worm bites you.
You shoot an arrow. The arrow hits the worm.
The worm is severely wounded.
The worm bites you!
You shoot an arrow. The arrow hits the worm.
The worm is almost dead.
The worm bites you!
You die...

..... ##. .....
... ..... ...
..... #.# .....
#.# # .....
#######.##.####
.....
........w......
[....
#@################
#.....%.#.........
#######.#.######.#
#.#.# #.# #.#.#
#.# #.#.# #.#
#.#.# #.. #.#.#
####. #.#.# #....


You could see a worm.

Vanquished Creatures
  5 ball pythons
  5 endoplasms
  A giant cockroach (D:1)
  2 goblins
  A hobgoblin (D:1)
  3 kobolds (D:1)
  A quokka (D:1)
  3 bats
  4 frilled lizards
  4 rats
29 creatures vanquished.

Notes
Turn   | Place    | Note
-------+----------+-------------------------------------------
     0 | D:1      | qw the Gargoyle Hunter began the quest for the Orb.
     0 | D:1      | Reached XP level 1. HP: 12/12 MP: 1/1
     0 | D:1      | 0 ||| qw: Version: 0.3-a-76-g4403597
     0 | D:1      | 0 ||| qw: Game counter: 222
     0 | D:1      | 0 ||| qw: Melee chars always use a shield: true
     0 | D:1      | 0 ||| qw: God list: Okawaru
     0 | D:1      | 0 ||| qw: Allow faded altars: false
     0 | D:1      | 0 ||| qw: Do Orc after clearing Dungeon:15 true
     0 | D:1      | 0 ||| qw: Do second Lair branch before Depths: true
     0 | D:1      | 0 ||| qw: Lair rune preference: random
     0 | D:1      | 0 ||| qw: Goals: Normal
     0 | D:1      | 0 ||| PLANNING D:1-11
   243 | D:1      | Reached XP level 2. HP: 17/17 MP: 2/2
   313 | D:1      | Found a faded altar of an unknown god.
   643 | D:1      | 643 ||| UPGRADING to +0 helmet.
   648 | D:1      | 648 ||| UPGRADING to +0 ring mail.
   658 | D:1      | 658 ||| DROPPING +0 leather armour.
   659 | D:1      | 659 ||| DROPPING amulet of magic regeneration.
   660 | D:1      | 660 ||| DROPPING ring of wizardry.
   661 | D:1      | 661 ||| READING 3 scrolls labelled WOUREYS UDGHIO.
   662 | D:1      | 662 ||| DRINKING 2 viscous silvery potions.
   663 | D:1      | 663 ||| DRINKING 2 bubbling grey potions.
   692 | D:1      | 692 ||| DROPPING 2 scrolls of amnesia.
   693 | D:1      | 693 ||| DROPPING scroll of butterflies.
   694 | D:1      | 694 ||| DROPPING potion of lignification.
   842 | D:2      | Reached skill level 1 in Armour
   845 | D:2      | Reached XP level 3. HP: 21/21 MP: 3/3
   852 | D:2      | Found a radiant altar of Vehumet.
  1144 | D:2      | Slain by a worm

Levels and vault maps discovered:
D:1:      dpeg_arrival_leaves_temple_mockup, layout_basic,
          chequers_ecumenical_altar_island, dreamdust_mushroom_princess
D:2:      layout_basic, basic_altar, minmay_misc_feat_rugged, chequers_jeans,
          nicolae_figureground_sparkle

Skill      XL: |  1  2 |
---------------+-------+-----
Armour         | 1 |  1.0
Fighting       | |  2.1
Ranged Weapons | |  4.8
Dodging        | |  1.5
Stealth        | |  1.1

Action                     || total
---------------------------++-------
   Fire: Shortbow          ||    75
    Use: Potion            ||     2
         Scroll            ||     1
 Armour: Leather armour    ||     5
         Ring mail         ||     6
  Dodge: Dodged            ||     8

Table legend:
 A = Non-vault XP
 B = Vault XP
 C = Vault XP percentage of total XP
 D = Non-vault monster count
 E = Vault monster count
 F = Vault count percentage of total count
                 A         B        C        D         E       F
            +---------+---------+-------+---------+---------+-------
      Total |      44 |       0 |   0.0 |      29 |       0 |   0.0
            +---------+---------+-------+---------+---------+-------
        D:1 |      24 |       0 |   0.0 |      16 |       0 |   0.0
        D:2 |      20 |       0 |   0.0 |      13 |       0 |   0.0
            +---------+---------+-------+---------+---------+-------
